 Dungeon Crawl Stone Soup version 0.18-a0-1782-gb76a692 (webtiles) character file.

28 Kilingo the Sneak (level 3, 0/18 HPs)
             Began as a Vine Stalker Assassin on Apr 18, 2016.
             Slain by a goblin
             ... wielding a +0 club
             ... led by Robin
              (2 damage)
             ... on level 1 of the Dungeon.
             The game lasted 00:09:58 (971 turns).

Kilingo the Sneak (Vine Stalker Assassin)            Turns: 971, Time: 00:09:59

Health: 0/18       AC:  3    Str: 13    XL:     3   Next: 14%
Magic:  0/4        EV: 12    Int: 12    God:
Gold:   116        SH:  0    Dex: 15    Spells: 0 memorised, 2 levels left

rFire  . . .     SeeInvis .     a - +2 dagger
rCold  . . .     Gourm    .     c - +0 robe
rNeg   . . .     Faith    .     (no shield)
rPois  .         Spirit   +     (no helmet)
rElec  .         Dismiss  .     d - +0 cloak
rCorr  .         Reflect  .     (no gloves)
SustAt .         Harm     .     (no boots)
MR     .....                    (no amulet)
Stlth  +++.......               (no ring)
                                (no ring)

@: lethally poisoned (0 -> 0), not resistant to hostile enchantments, fairly
stealthy
A: fangs 2, regeneration 1, magic shield, antimagic bite, no device heal 3, rot
immunity
a: no special abilities


You were on level 1 of the Dungeon.
You were not hungry.

You visited 1 branch of the dungeon, and saw 2 of its levels.

You collected 116 gold pieces.

Inventory:

Hand Weapons
 a - a +2 dagger (weapon)
 b - a +0 blowgun
Missiles
 e - 4 poisoned needles
 f - 2 curare-tipped needles
 i - 29 stones (quivered)
Armour
 c - a +0 robe (worn)
 d - a +0 cloak (worn)
Scrolls
 k - a scroll of immolation {unknown}
 n - a scroll of remove curse {unknown}
 p - a scroll of teleportation
 s - a scroll of fog {unknown}
 t - a scroll of identify {unknown}
 v - a scroll of noise {unknown}
Potions
 l - a potion of flight {unknown}
 m - a potion of degeneration {unknown}
 q - a potion of agility {unknown}
 u - a potion of lignification {unknown}
Comestibles
 g - a bread ration
 h - 2 meat rations
 j - 4 chunks of flesh
 o - 2 fruits
 r - a slice of pizza


   Skills:
 - Level 1.8 Fighting
 - Level 2.0 Short Blades
 - Level 2.0 Throwing
 + Level 1.7 Dodging
 + Level 5.1 Stealth


You had 2 spell levels left.
You didn't know any spells.

Dungeon Overview and Level Annotations

Branches:
Dungeon (2/15)

Altars:

Annotations:
D:2 Robin


Innate Abilities, Weirdness & Mutations

You have extremely sharp teeth.
Your natural rate of healing is unusually fast.
When hurt, damage is shared between your health and your magic reserves.
Your bite disrupts and absorbs the magic of your enemies.
Potions and wands cannot restore your health.
You are immune to rotting.


Message History

There is a stone staircase leading down here.
Read which item? (? for menu, Esc to quit)
Okay, then.
You hit the giant cockroach.
The giant cockroach is heavily wounded.
The adder barely misses you.
The giant cockroach bites you but does no damage.
The goblin completely misses you. The goblin closely misses you.
The adder bites you.
* * * LOW HITPOINT WARNING * * *
Read which item? (? for menu, Esc to quit)
Okay, then.
Drink which item? (? for menu, Esc to quit)
Okay, then.
You hit the giant cockroach.
You kill the giant cockroach!
You feel sick. The goblin hits you.
* * * LOW HITPOINT WARNING * * *
The goblin hits you with a club.
You die...

# #####...# #...# #### #.......##
#...# ...# #........# ##### #####
#.....##.# ....### #.....##.#
#####.# ##.....##.# #
#.#####.........####
#####...#......Sg##....#####
....#.#.#......g@##.##.#.#.#
###.#.#.#.....##.##.##.#.#.###
#.#.#.#....................####
###.#.#.#.....##..##.....#.......
#.................########.#.#.##
#.#######.##.###### #.......# #.#
#.##.# #####.### #.# #....# #.#
#.# ###### #.#


You could see an adder and 2 goblins.

Vanquished Creatures
  2 dart slugs (D:1)
  2 giant geckos
  3 giant cockroaches (D:1)
  4 goblins
  2 hobgoblins (D:1)
  A kobold (D:1)
  2 bats
  3 giant newts (D:1)
  2 rats (D:1)
21 creatures vanquished.

Notes
Turn   | Place    | Note
--------------------------------------------------------------
     0 | D:1      | Kilingo the Vine Stalker Assassin began the quest for the Orb.
     0 | D:1      | Reached XP level 1. HP: 11/11 MP: 2/2
   113 | D:1      | Reached skill level 1 in Dodging
   248 | D:1      | Reached XP level 2. HP: 13/15 MP: 1/3
   330 | D:1      | Reached skill level 5 in Stealth
   807 | D:2      | Noticed Robin
   853 | D:2      | Reached XP level 3. HP: 18/18 MP: 4/4
   971 | D:1      | Slain by a goblin

Vault maps used:
D:1:      lemuel_arrival_funnel, minmay_crystal_water
D:2:      marbit_many_paths, nicolae_dithmenos_through_a_glass_darkly,
          grunt_ministairs_2, uniq_iyjb, uniq_natasha, uniq_robin

Skill      XL: |  1  2  3 |
---------------+----------+-----
Dodging        | 1 |  1.7
Stealth        | 5 |  5.1
Short Blades   | 2 |  2.0
Throwing       | 2 |  2.0
Fighting       | |  1.8

Action                   || total
-------------------------++-------
Melee: Dagger            ||    55
       Bite              ||     6
 Fire: Blowgun           ||    10
Throw: Stone             ||    12
  Use: Potion            ||     1
       Scroll            ||     1
 Stab: Sleeping          ||     5
Armor: Robe              ||    14
Dodge: Dodged            ||    36
